 Dungeon Crawl Stone Soup version 0.25-a0-803-g58bd18402a (webtiles) character file.

Game seed: 5426429282851117236, levelgen mode: deterministic

15369 Anathary the Grappler (level 12, -2/60 HPs)
             Began as a Vine Stalker Fighter on Apr 19, 2020.
             Was an Elder of Cheibriados.
             Slain by a manticore (4 damage)
             ... on level 4 of the Lair of Beasts.
             The game lasted 01:00:53 (11742 turns).

Anathary the Grappler (Vine Stalker Fighter)       Turns: 11742, Time: 01:00:54

Health: -2/60      AC: 13    Str: 33    XL:     12   Next: 26%
Magic:  0/13       EV:  9    Int: 21    God:    Cheibriados [****..]
Gold:   654        SH: 14    Dex: 23    Spells: 11/11 levels left

rFire    . . .     SeeInvis +     - Unarmed
rCold    . . .     Gourm    .   b - +0 kite shield
rNeg     . . .     Faith    .   L - +6 leather armour of the Commoners {-Tele rElec Int+4 SInv}
rPois    .         Spirit   +   h - +0 helmet
rElec    +         Reflect  .   (no cloak)
rCorr    .         Harm     .   s - +0 pair of gloves
MR       +....     NoTele   +   (no boots)
Stlth    +++.......             K - amulet of regeneration
HPRegen  1.40/turn              m - ring of stealth
MPRegen  0.13/turn              q - +1 ring of protection

@: barbed spikes, studying Long Blades, very slow
A: fangs 3, regeneration 2, magic shield, antimagic bite, no potion heal 3, rot
immunity
a: Bend Time, Temporal Distortion, Slouch, Renounce Religion


You were on level 4 of the Lair of Beasts.
You worshipped Cheibriados.
Cheibriados was greatly pleased with you.
You were very full.

You visited 4 branches of the dungeon, and saw 15 of its levels.

You collected 654 gold pieces.

Inventory:

Hand Weapons
 C - a +2 rapier of venom
Armour
 b - a +0 kite shield (worn)
 h - a +0 helmet (worn)
 s - a +0 pair of gloves (worn)
 x - a +1 plate armour
 L - the +6 leather armour of the Commoners (worn) {-Tele rElec Int+4 SInv}
   (You found it on level 4 of the Lair of Beasts)

   It affects your intelligence (+4).
   It insulates you from electricity.
   It lets you see invisible.
   It prevents most forms of teleportation.
Jewellery
 g - an uncursed ring of wizardry {unknown}
 m - a ring of stealth (left hand)
 q - a +1 ring of protection (right hand)
 y - an uncursed amulet of guardian spirit {unknown}
 z - a cursed ring of teleportation {unknown}
 D - an uncursed amulet of guardian spirit {unknown}
 E - a +2 ring of strength {unknown}
 K - an amulet of regeneration (around neck)
Wands
 v - a wand of polymorph (9)
 I - a wand of flame (14)
 J - a wand of acid (8)
Scrolls
 a - a scroll of vulnerability
 i - 6 scrolls of teleportation
 j - 4 scrolls of remove curse
 k - a scroll of enchant weapon
 p - 4 scrolls of enchant armour
 t - 3 scrolls of immolation
 u - a scroll of blinking
 B - 2 scrolls of amnesia
 F - a scroll of fog
 H - a scroll of fear
Potions
 c - 2 potions of might
 e - 2 potions of lignification
 f - a potion of flight
 l - 2 potions of haste
 n - 3 potions of brilliance
 r - a potion of resistance {unknown}
 A - 3 potions of ambrosia {unknown}
 G - 2 potions of magic {unknown}
Books
 o - a manual of Long Blades
Comestibles
 d - 30 rations


   Skills:
 + Level 5.5 Fighting
 + Level 7.7 Armour
 + Level 8.5 Shields
 - Level 14.0 Unarmed Combat


You had 11 spell levels left.
You didn't know any spells.
Your spell library contained the following spells:

 Spells                   Type           Power        Failure   Level  Hunger
 Beastly Appendage        Tmut           #.....       41%         1    ##.....
 Magic Dart               Conj           #...         41%         1    ##.....
 Sticks to Snakes         Tmut           #.......     56%         2    ###....
 Spider Form              Tmut/Pois      #.........   80%         3    ####...
 Ice Form                 Ice/Tmut       #.......     99%         4    #####..
 Blade Hands              Tmut           #.........   100%        5    ######.


Dungeon Overview and Level Annotations

Branches:
Dungeon (9/15)             Temple (1/1) D:5            Lair (4/6) D:9
 Shoals (0/4) Lair:4        Snake (1/4) Lair:2
    Orc: D:9-12

Altars:
Ashenzari
Cheibriados
Dithmenos
Elyvilon
Fedhas
Gozag
Hepliaklqana
Kikubaaqudgha
Makhleb
Nemelex Xobeh
Okawaru
Qazlal
Ru
Sif Muna
Trog
Uskayaw
Vehumet
Wu Jian
Xom
Yredelemnul
Zin
The Shining One

Shops:
D:7 :   D:9 ?

Annotations:
D:8 2 transporters
Lair:3 exclusion: oklob plant


Innate Abilities, Weirdness & Mutations

You have razor-sharp teeth.
You heal very quickly.
When hurt, damage is shared between your health and your magic reserves.
Your bite disrupts and absorbs the magic of your enemies.
Potions cannot restore your health.
You are immune to rotting.


Message History

The hippogriff barely misses you.
The hippogriff claws you but does no damage.
You block the crocodile's attack.
You closely miss the manticore. You bite the manticore! You drain its power.
You feel invigorated.
The manticore is almost dead.
The manticore bites you!
* * * LOW HITPOINT WARNING * * *
The manticore barely misses you. x2; The hippogriff closely misses you.
You block the hippogriff's attack.
The hippogriff claws you but does no damage.
You hit the manticore but do no damage. You bite the manticore.
You drain its power.
You feel invigorated.
The manticore is almost dead.
The crocodile bites you!
* * * LOW HITPOINT WARNING * * *
The manticore closely misses you.
The manticore claws you but does no damage.
The manticore claws you.
You die...

##....# ##....# ##
#.....###.....# #.
#....#) #....# ##
#.....# #....# # ##
#.....###....#######
P..##.....##......P##.##
........................
......t†................
....(.H@................
.>....H.................
.....##.##P##.#.##P#..##
#.## ################.#
# ##


You could see a manticore, a hippogriff and a crocodile.

Vanquished Creatures
  2 hydras
  4 elephants (Lair:4)
  A black mamba (Lair:2)
  A komodo dragon (Lair:3)
  2 spiny frogs
  4 polar bears (Lair:2)
  A queen bee (Lair:2)
  2 dream sheep (D:9)
  4 hippogriffs
  17 yaks
  3 water moccasins
  5 nagas (Lair:2)
  4 porcupines
  3 orc warriors
  An ice beast (D:9)
  A phantom (D:7)
  2 sky beasts
  6 black bears
  4 ogres
  3 wolves (Lair:3)
  8 crocodiles
  3 big kobolds (D:9)
  6 bullfrogs
  2 scorpions (D:9)
  26 killer bees (Lair:2)
  3 howler monkeys
  A vampire bat (D:3)
  A crimson imp (D:7)
  A bullfrog zombie (D:5)
  3 centaur skeletons
  3 hounds
  2 orc priests
  2 jellies (D:9)
  5 orc wizards
  A gnoll shaman (D:7)
  7 iguanas
  7 worker ants
  A killer bee zombie (D:7)
  A hound zombie (D:8)
  3 hound skeletons
  2 worker ant zombies
  12 gnolls
  A howler monkey skeleton (D:8)
  14 adders
  3 shadow imps
  An adder zombie (D:5)
  An ooze (D:2)
  3 adder skeletons
  2 worms (D:2)
  2 dart slugs
  3 fire bats (D:3)
  5 leopard geckos
  12 orcs
  2 spectral bats (D:3)
  3 bat skeletons (D:3)
  A bat zombie (D:3)
  5 giant cockroaches
  6 goblins
  7 hobgoblins
  10 jackals
  2 quokkas
  A ball python (D:7)
  17 bats
  A bat simulacrum (D:3)
  4 frilled lizards
  7 kobolds
  A leopard gecko skeleton (D:2)
  A quokka zombie (D:8)
  2 rats (D:3)
287 creatures vanquished.

Notes
Turn   | Place    | Note
-------+----------+-------------------------------------------
     0 | D:1      | Anathary the Vine Stalker Fighter began the quest for the
                  | Orb.
     0 | D:1      | Reached XP level 1. HP: 11/11 MP: 2/2
   320 | D:1      | Reached XP level 2. HP: 16/16 MP: 3/3
   893 | D:2      | Reached skill level 3 in Unarmed Combat
   910 | D:2      | Reached XP level 3. HP: 20/20 MP: 4/4
  1333 | D:2      | Found an ancient bone altar of Kikubaaqudgha.
  1333 | D:2      | Found a shimmering blue altar of Sif Muna.
  1347 | D:2      | Found a radiant altar of Vehumet.
  1350 | D:2      | Identified Vehumet's Disquisition on Battle Magic
  1572 | D:2      | Gained mutation: Your natural rate of healing is unusually
                  | fast. [Vine Stalker growth]
  1572 | D:2      | Reached XP level 4. HP: 24/24 MP: 5/5
  1794 | D:3      | Reached skill level 4 in Unarmed Combat
  1823 | D:3      | Reached XP level 5. HP: 28/28 MP: 6/6
  1877 | D:3      | Reached skill level 5 in Unarmed Combat
  2817 | D:4      | Reached XP level 6. HP: 32/32 MP: 7/7
  3348 | D:5      | Entered Level 5 of the Dungeon
  3352 | D:5      | Reached skill level 6 in Unarmed Combat
  3392 | D:5      | Found an iron altar of Okawaru.
  3519 | D:5      | Found a staircase to the Ecumenical Temple.
  3546 | Temple   | Entered the Ecumenical Temple
  4120 | D:5      | Reached XP level 7. HP: 36/36 MP: 8/8
  4124 | D:5      | Reached skill level 7 in Unarmed Combat
  4789 | D:6      | Found a shimmering blue altar of Sif Muna.
  4827 | D:6      | Reached skill level 8 in Unarmed Combat
  4827 | D:6      | Gained mutation: You have razor-sharp teeth. [Vine Stalker
                  | growth]
  4827 | D:6      | Reached XP level 8. HP: 39/41 MP: 9/9
  5242 | D:6      | Got a slimy short sword
  5243 | D:6      | Identified the cursed +1 short sword of Articulation
                  | {freeze, rPois rF++} (You found it on level 6 of the
                  | Dungeon)
  5358 | D:7      | Noticed a hippogriff
  5635 | D:7      | Reached skill level 9 in Unarmed Combat
  5922 | D:7      | Found Kateogg's Book Shop.
  5985 | D:7      | Killed a hippogriff
  5985 | D:7      | Reached XP level 9. HP: 38/45 MP: 8/10
  6260 | D:8      | Found a stormy altar of Qazlal.
  6419 | D:8      | Reached skill level 10 in Unarmed Combat
  6503 | D:8      | Noticed a two-headed ogre
  6638 | D:8      | Found a transporter.
  6776 | D:8      | Found a transporter.
  7064 | D:9      | Found Bufoo's Magic Scroll Shoppe.
  7200 | D:9      | Reached skill level 11 in Unarmed Combat
  7545 | D:9      | Reached XP level 10. HP: 49/49 MP: 11/11
  7606 | D:9      | Reached skill level 12 in Unarmed Combat
  7732 | D:9      | Found an opulent altar of Gozag.
  7736 | D:9      | Found a snail-covered altar of Cheibriados.
  7741 | D:9      | Became a worshipper of Cheibriados the Contemplative
  7826 | D:9      | Found a staircase to the Lair.
  7836 | D:9      | Found a stormy altar of Qazlal.
  7965 | D:9      | Noticed a two-headed hydra
  7970 | D:9      | Killed a two-headed hydra
  7970 | D:9      | Reached skill level 5 in Armour
  7970 | D:9      | Reached skill level 5 in Shields
  8002 | Lair:1   | Entered Level 1 of the Lair of Beasts
  8749 | Lair:2   | Noticed a spiny frog
  8758 | Lair:2   | Killed a spiny frog
  8758 | Lair:2   | Reached skill level 13 in Unarmed Combat
  8892 | Lair:2   | Identified a scroll of acquirement
  8892 | Lair:2   | Identified the +6 shortbow of Feubbui {vorpal, rF+ rN+
                  | Str+2 Int-4} (You acquired it on level 2 of the Lair of
                  | Beasts)
  9055 | Lair:2   | Reached XP level 11. HP: 16/54 MP: 7/12
  9147 | Lair:2   | Found a staircase to the Snake Pit.
  9209 | Lair:2   | Reached * piety under Cheibriados
  9860 | Lair:2   | Reached ** piety under Cheibriados
 10549 | Snake:1  | Entered Level 1 of the Snake Pit
 10549 | Snake:1  | Noticed a mana viper
 10556 | Lair:2   | Reached skill level 5 in Fighting
 10735 | Lair:3   | Noticed a five-headed hydra
 10743 | Lair:3   | Killed a five-headed hydra
 10865 | Lair:3   | Reached *** piety under Cheibriados
 10891 | Lair:3   | Found a glowing golden altar of the Shining One.
 10891 | Lair:3   | Noticed an oklob plant
 11089 | Lair:3   | Reached skill level 14 in Unarmed Combat
 11439 | Lair:4   | Gained mutation: You heal very quickly. [Vine Stalker
                  | growth]
 11439 | Lair:4   | Reached XP level 12. HP: 23/60 MP: 10/13
 11640 | Lair:4   | Reached **** piety under Cheibriados
 11691 | Lair:4   | Got a blackened leather armour
 11692 | Lair:4   | Identified the +6 leather armour of the Commoners {-Tele
                  | rElec Int+4 SInv} (You found it on level 4 of the Lair of
                  | Beasts)
 11728 | Lair:4   | Found a staircase to the Shoals.
 11742 | Lair:4   | HP: 2/60 [crocodile (6)]
 11742 | Lair:4   | Slain by a manticore

Levels and vault maps discovered:
D:1:      kennysheep_arrival_forest, layout_rooms
D:2:      layout_basic, grunt_temple_overflow_magic_moments
D:3:      layout_loops_ring, goddamned_bats
D:4:      layout_loops_ring
D:5:      layout_loops_corners, kennysheep_mini,
          minmay_temple_entry_proselytizer, first_ration
D:6:      layout_rooms, led_sif_pool
D:7:      layout_loops_corners, serial_shops, shop, serial_bayou,
          serial_bayou_pond_d, serial_bayou_shore_b, serial_bayou_pond_e,
          serial_bayou_pond_d
D:8:      gammafunk_the_bubble [the_bubble_gammafunk_split],
          layout_loops_corners, nicolae_overflow_crystal_walls
D:9:      layout_cave_pools, minitemple, lair_entry_dummy, serial_shops, shop,
          hangedman_ranch [blue_anna_fruit_fields], grunt_qazlal_clouds
Temple:   regret_index_temple_generic_petals
Lair:1:   layout_long_grid, lemuel_fruit_fields
Lair:2:   beast_lair_carwin_large_3, layout_cave_pods,
          minmay_snake_entry_guardpost_medium, special_room [special_room_bee],
          chequers_serial_rivers_micro_e
Lair:3:   layout_small_grid, lemuel_oklob_altar, grunt_megastairs_3,
          lemuel_fruit_tree, serial_bayou_shore_b
Lair:4:   layout_long_grid, minmay_shoals_entry_beasts, grunt_megastairs_5,
          infiniplex_staircase_pool_2
Snake:1:  layout_chambers, serial_shops, nicolae_shop_behind_doors,
          grunt_ministairs_12, uniq_asterion

Skill      XL: |  1  2  3  4  5  6  7  8  9 10 11 12 |
---------------+-------------------------------------+-----
Fighting       | 3 4 5 |  5.5
Unarmed Combat | 3 4 5 6 8 9 11 13 14 | 14.0
Armour         | 3 4 5 7 |  7.7
Shields        | 3 4 5 7 8 |  8.5

Action                   |  1- 3 |  4- 6 |  7- 9 | 10-12 || total
-------------------------+-------+-------+-------+-------++-------
Melee: Unarmed           |    98 |   172 |   377 |   423 ||  1070
       Bite              |    28 |    56 |   126 |   185 ||   395
  Use: Scroll            |       |     3 |     9 |    16 ||    28
       Potion            |       |       |       |     1 ||     1
  Eat: Ration            |     1 |     2 |     3 |     6 ||    12
       Chunk             |     1 |     1 |       |       ||     2
Armor: Scale mail        |    40 |   112 |    17 |       ||   169
       Plate armour      |       |       |   141 |   348 ||   489
       Leather armour    |       |       |       |     5 ||     5
Dodge: Dodged            |    21 |    71 |    66 |   117 ||   275
Block: Kite shield       |    47 |    90 |   165 |   352 ||   654

Table legend:
 A = Non-vault XP
 B = Vault XP
 C = Vault XP percentage of total XP
 D = Non-vault monster count
 E = Vault monster count
 F = Vault count percentage of total count
                 A         B        C        D         E       F
            +---------+---------+-------+---------+---------+-------
      Total |   11959 |    9998 |  45.5 |     207 |      80 |  27.9
            +---------+---------+-------+---------+---------+-------
        D:1 |      21 |       0 |   0.0 |      14 |       0 |   0.0
        D:2 |      61 |       0 |   0.0 |      21 |       0 |   0.0
        D:3 |      48 |     167 |  77.7 |      15 |      20 |  57.1
        D:4 |      92 |       0 |   0.0 |       7 |       0 |   0.0
        D:5 |     275 |      43 |  13.5 |      14 |       1 |   6.7
        D:6 |     663 |       0 |   0.0 |      30 |       0 |   0.0
        D:7 |    1120 |       0 |   0.0 |      28 |       0 |   0.0
        D:8 |     458 |       0 |   0.0 |      11 |       0 |   0.0
        D:9 |    2006 |    2198 |  52.3 |      30 |       8 |  21.1
     Lair:1 |     573 |       0 |   0.0 |       5 |       0 |   0.0
     Lair:2 |    1490 |    4516 |  75.2 |       7 |      41 |  85.4
     Lair:3 |    2908 |     103 |   3.4 |      13 |       1 |   7.1
     Lair:4 |    2244 |    2971 |  57.0 |      12 |       9 |  42.9
            +---------+---------+-------+---------+---------+-------
